 Dungeon Crawl Stone Soup version 0.27-a0-1273-gec92ba881d (webtiles) character file.

Game seed: 14469726273119432866

33 bobarctor the Grave Robber (level 3, 0/19 HPs)
             Began as a Deep Elf Necromancer on June 11, 2021.
             Slain by Terence
             ... wielding a +0 trident
              (5 damage)
             ... on level 2 of the Dungeon.
             The game lasted 00:04:53 (1722 turns).

bobarctor the Grave Robber (Deep Elf Necromancer)   Turns: 1722, Time: 00:04:54

Health: 0/19       AC:  2    Str:  5    XL:     3   Next: 12%
Magic:  1/10       EV: 12    Int: 20    God:
Gold:   31         SH:  0    Dex: 15    Spells: 5/10 levels left

rFire    . . .     SeeInvis .   b - +0 dagger
rCold    . . .     Faith    .   (no shield)
rNeg     . . .     Spirit   .   a - +0 robe
rPois    .         Reflect  .   (no helmet)
rElec    .         Harm     .   (no cloak)
rCorr    .         Rampage  .   (no gloves)
Will     .....                  (no boots)
Stlth    ++........             (no amulet)
HPRegen  0.06/turn              (no ring)
MPRegen  0.12/turn              (no ring)

@: no status effects
A: no striking features
a: no special abilities


You were on level 2 of the Dungeon.
You visited 1 branch of the dungeon, and saw 2 of its levels.

You collected 55 gold pieces.
You spent 24 gold pieces at shops.

Inventory:

Hand Weapons
 b - a +0 dagger (weapon)
Missiles
 c - 67 stones (quivered)
Armour
 a - a +0 robe (worn)
Scrolls
 d - a scroll of holy word {unknown}
 e - a scroll of noise {unknown}
 g - a scroll of identify
 h - 2 scrolls of blinking {unknown}
Potions
 f - 3 potions of curing


   Skills:
 + Level 2.5 Dodging
 + Level 2.4 Stealth
 * Level 4.3 Spellcasting
 + Level 5.3 Necromancy


You had 5 spell levels left.
You knew the following spells:

 Your Spells              Type           Power      Damage    Failure   Level
a - Pain                  Necr           100%       1d9       1%          1
b - Animate Skeleton      Necr           50%        N/A       1%          1
c - Vampiric Draining     Necr           12%        2d7       4%          3

Your spell library contained the following spells:

 Spells                   Type           Power      Damage    Failure   Level
 Animate Dead             Necr           12%        N/A       14%         4
 Agony                    Necr           25%        N/A       36%         5


Dungeon Overview and Level Annotations

Branches:
Dungeon (2/15)

Altars:

Shops:
D:1 !?[!

Annotations:
D:2 Terence


Message History

You throw a stone. The stone barely misses Terence.
Terence shouts!
You hear an angry hiss.
Throw: 68 stones
Press: ? - help, Q - select action, (/) - cycle Shift-Dir - straight line, f/p - Terence
Aim: Terence, wielding a +0 trident and wearing a +0 scale mail (61% to hit)
You throw a stone. The stone closely misses Terence.
Terence hits you with a +0 trident.
Casting: Vampiric Draining (quite dangerous; 4% risk of failure)
Confirm with . or Enter, or press ? or * to list all spells.
The spell is quite dangerous to cast (4% risk of failure)!
Continue anyway?
Aiming: Vampiric Draining (quite dangerous; 4% risk of failure)
Press: ? - help, Shift-Dir - straight line, f/p - Terence
Aim: Terence, wielding a +0 trident and wearing a +0 scale mail You draw life force from Terence.
You feel life coursing into your body. Terence hits you with a +0 trident!
Ouch! That really hurt!
Casting: Vampiric Draining (quite dangerous; 4% risk of failure)
Confirm with . or Enter, or press ? or * to list all spells.
The spell is quite dangerous to cast (4% risk of failure)!
Continue anyway?
Aiming: Vampiric Draining (quite dangerous; 4% risk of failure)
Press: ? - help, Shift-Dir - straight line, f/p - Terence
Aim: Terence, wielding a +0 trident and wearing a +0 scale mail (moderately wounded)
You draw life force from Terence.
You feel life coursing into your body. Terence hits you with a +0 trident!
* * * LOW HITPOINT WARNING * * *
Casting: Vampiric Draining (quite dangerous; 4% risk of failure)
Confirm with . or Enter, or press ? or * to list all spells.
The spell is quite dangerous to cast (4% risk of failure)!
Continue anyway?
Okay, then.
Casting: Vampiric Draining (quite dangerous; 4% risk of failure)
Confirm with . or Enter, or press ? or * to list all spells.
The spell is quite dangerous to cast (4% risk of failure)!
Continue anyway?
Aiming: Vampiric Draining (quite dangerous; 4% risk of failure)
Press: ? - help, Shift-Dir - straight line, f/p - Terence
Aim: Terence, wielding a +0 trident and wearing a +0 scale mail (moderately wounded)
You draw life force from Terence!
You feel life coursing into your body.
Terence drinks a potion.
Terence is healed!
Terence hits you from afar with a +0 trident.
You die...

#.
.##.########
.....#.....##
.....((.....##
.............#
.............#
.....^.@...$.#
...(.........#
.......@.†...#
............##
.....#....>##
######..####
#......#
##......#
#.......#
#.......#
#.......#


You could see Terence.

Vanquished Creatures
  An adder (D:2)
  A worm (D:2)
  3 endoplasms
  2 giant cockroaches (D:1)
  2 goblins (D:1)
  2 hobgoblins
  3 kobolds
  A quokka (D:1)
  2 frilled lizards
  3 rats
20 creatures vanquished.

Notes
Turn   | Place    | Note
-------+----------+-------------------------------------------
     0 | D:1      | bobarctor the Deep Elf Necromancer began the quest for the
                  | Orb.
     0 | D:1      | Reached XP level 1. HP: 10/10 MP: 6/6
    57 | D:1      | Reached skill level 5 in Necromancy
   439 | D:1      | Reached XP level 2. HP: 12/15 MP: 5/8
   441 | D:1      | Learned a level 1 spell: Animate Skeleton
   649 | D:1      | Found Iruic's Magic Scroll Boutique.
   695 | D:1      | Found Dext's Antique Armour Boutique.
   699 | D:1      | Bought a scroll of identify for 24 gold pieces
   736 | D:1      | Found Wuibrav's Distillery.
   774 | D:1      | Found Rublebe's Assorted Antiques.
  1070 | D:1      | Found Verihuw's Distillery.
  1565 | D:2      | Reached XP level 3. HP: 17/19 MP: 7/10
  1611 | D:2      | Noticed Terence
  1623 | D:2      | Learned a level 3 spell: Vampiric Draining
  1722 | D:2      | Slain by Terence

Illustrated notes

Levels and vault maps discovered:
D:1:      tarquinn_simple_flora_water_f, layout_basic, serial_shops, shop, shop,
          shop, nicolae_shop_behind_doors, nicolae_shop_statue_plus,
          minmay_pentomino_q4
D:2:      layout_rooms, hellmonk_ecumenical_altar_run_dry, basic_altar,
          uniq_terence

Skill      XL: |  1  2 |
---------------+-------+-----
Necromancy     | 5 |  5.3
Spellcasting   | 4 |  4.3
Dodging        | |  2.5
Stealth        | |  2.4

Action                   || total
-------------------------++-------
Throw: Stone             ||     2
 Cast: Pain              ||    41
       Vampiric Draining ||     4
  Use: Scroll            ||     1
Armor: Robe              ||     1
Dodge: Dodged            ||     1

Table legend: (Time is in decaauts)
 A = Elapsed time spent in this place.
 B = Non-inter-level travel time spent in this place.
 C = Inter-level travel time spent in this place.
 D = Time resting spent in this place.
 E = Time spent auto-exploring this place.
 F = Levels seen in this place.
 G = Mean time per level.
                   A        B        C        D        E       F      G
               +--------+--------+--------+--------+--------+-----+--------+
         Total |   1722 |   1621 |    101 |    585 |    901 |   2 |  861.0 |
       Dungeon |   1722 |   1621 |    101 |    585 |    901 |   2 |  861.0 |
               +--------+--------+--------+--------+--------+-----+--------+

Top non-repeatable levels by time:
     D:1: 1431 daAuts
     D:2: 291 daAuts
